 Dungeon Crawl Stone Soup version 0.21.1-1-g345015f (webtiles) character file.

987626 snha the Conqueror (level 27, -47/281 HPs)
             Began as a Hill Orc Fighter on July 11, 2018.
             Was the Champion of Makhleb.
             Killed from afar by a Hell Sentinel (87 damage)
             ... with an iron shot
             ... on level 7 of the Iron City of Dis on July 13, 2018.
             The game lasted 05:58:51 (91502 turns).

snha the Conqueror (Hill Orc Fighter)              Turns: 91502, Time: 05:58:53

Health: -47/281    AC: 39    Str: 38    XL:     27
Magic:  30/30      EV: 16    Int:  4    God:    Makhleb [******]
Gold:   6593       SH: 39    Dex: 11    Spells: 26/26 levels left

rFire    + + .     SeeInvis +   F - +9 broad axe (flame)
rCold    + + +     Gourm    .   e - +10 large shield of Ignorance {rN+ Int-4}
rNeg     + . .     Faith    .   g - +5 gold dragon scales
rPois    +         Spirit   .   w - +0 mask of the Dragon {MR+ Slay+3 SInv}
rElec    +         Reflect  .   l - scarf {repulsion}
rCorr    +         Harm     .   V - +1 pair of gloves {Dex+3}
MR       +++..                  x - +2 pair of boots {run}
Stlth    ..........             X - amulet of regeneration
HPRegen  0.00/turn              s - ring "Limagea" {+Blink rF+ rC+ Str+6}
MPRegen  0.22/turn              E - ring "Kekas" {rCorr rElec Int+4}

@: corroded, berserk cooldown, hasted and slowed, repel missiles, quick
A: hooves 1, rugged brown scales 1, yellow scales 1, blurry vision 2, clumsy 1,
cold resistance 1, dopey 2, low mp 2, shaggy fur 1, inhibited regeneration,
subdued magic 1
}: 7/15 runes: decaying, slimy, silver, obsidian, icy, bone, gossamer
a: Minor Destruction, Lesser Servant of Makhleb, Major Destruction, Greater
Servant of Makhleb, Renounce Religion, Evoke Blink


You were on level 7 of the Iron City of Dis.
You worshipped Makhleb.
Makhleb was exalted by your worship.
You were not hungry.

You visited 17 branches of the dungeon, and saw 87 of its levels.
You visited the Abyss 1 time.
You visited 1 bazaar.
You also visited: Labyrinth and Ice Cave.

You collected 12146 gold pieces.
You spent 5553 gold pieces at shops.

Inventory:

Hand Weapons
 B - a +9 sacred scourge of holy wrath
 F - a +9 broad axe of flaming (weapon)
 O - the +7 sceptre of Asmodeus
   (You took it off Asmodeus on level 7 of Gehenna)
Armour
 e - the +10 large shield of Ignorance (worn) {rN+ Int-4}
   (You took it off Mennas on level 2 of the Depths)

   It affects your intelligence (-4).
   It protects you from negative energy.
 g - +5 gold dragon scales (worn)
 l - a scarf of repulsion (worn)
 q - a +0 pair of boots of flying
 w - the +0 mask of the Dragon (worn) {MR+ Slay+3 SInv}
   (You found it on level 5 of the Vaults)

   It affects your accuracy and damage with ranged weapons and melee attacks
   (+3).
   It affects your resistance to hostile enchantments.
   It lets you see invisible.
 x - a +2 pair of boots of running (worn)
 A - the +2 pair of boots of the Assassin {Detection Stab+ Stlth++}
   (You acquired it on level 2 of the Orcish Mines)

   It makes you much more stealthy.
 V - a +1 pair of gloves of dexterity (worn)
 W - the +1 pearl dragon scales "Imuakio" {+Inv rPois rF+ rN+ Str-3}
   (You found it on level 7 of Gehenna)

   It affects your strength (-3).
   It protects you from fire.
   It protects you from poison.
   It protects you from negative energy.
   It lets you turn invisible.
Jewellery
 s - the ring "Limagea" (left hand) {+Blink rF+ rC+ Str+6}
   (You found it on level 2 of the Depths)

   [ring of strength]

   It affects your strength (+6).
   It protects you from fire.
   It protects you from cold.
   It lets you blink.
 E - the ring "Kekas" (right hand) {rCorr rElec Int+4}
   (You bought it in a shop on level 1 of the Vaults)

   [ring of resist corrosion]

   It affects your intelligence (+4).
   It insulates you from electricity.
 K - the ring "Cekly" {rN+ Str+4 Int+6 Dex+3}
   (You found it on level 3 of the Crypt)

   [ring of positive energy]

   It affects your strength (+4).
   It affects your intelligence (+6).
   It affects your dexterity (+3).
   It protects you from negative energy.
 N - a +4 amulet of reflection
 Q - the ring of the Eagle {rPois rN+ Int+5}
   (You found it on level 3 of the Crypt)

   [ring of positive energy]

   It affects your intelligence (+5).
   It protects you from poison.
   It protects you from negative energy.
 X - an amulet of regeneration (around neck)
Wands
 t - a wand of paralysis (82)
 y - a wand of disintegration (87)
 I - a wand of enslavement (80)
 L - a wand of acid (25)
 M - a wand of iceblast (80)
 P - a wand of polymorph (59)
 Z - a wand of digging (67)
Scrolls
 c - 3 scrolls of summoning
 m - a scroll of enchant weapon
 n - 15 scrolls of amnesia
 o - 16 scrolls of teleportation
 p - 23 scrolls of remove curse
 r - 2 scrolls of brand weapon
 u - 3 scrolls of holy word
 v - 6 scrolls of fear
 D - 26 scrolls of identify
 G - 4 scrolls of silence
 T - 5 scrolls of fog
 Y - 8 scrolls of blinking
Potions
 a - 2 potions of agility
 b - 6 potions of might
 d - 4 potions of berserk rage
 h - 9 potions of flight
 i - a potion of resistance
 j - a potion of invisibility
 k - 3 potions of brilliance
 z - 2 potions of ambrosia
 C - 13 potions of curing
 H - 5 potions of cancellation
 J - 6 potions of magic
 U - 3 potions of haste
Miscellaneous
 S - a sack of spiders
Comestibles
 f - 54 rations


   Skills:
 O Level 27 Fighting
 O Level 27 Axes
 + Level 22.8(26.2) Maces & Flails
 O Level 27 Armour
 - Level 16.5 Dodging
 - Level 26.0 Shields
 - Level 18.0 Invocations
 - Level 23.0 Evocations


You had 26 spell levels left.
You didn't know any spells.

Dungeon Overview and Level Annotations

Branches:
Dungeon (15/15)            Temple (1/1) D:7            Lair (6/6) D:10
  Swamp (4/4) Lair:2       Spider (4/4) Lair:3        Slime (5/5) Lair:5
    Orc (2/2) D:11            Elf (3/3) Orc:2        Vaults (5/5) D:14
  Crypt (3/3) Vaults:2       Tomb (0/3) Crypt:3      Depths (5/5) D:15
   Hell (1/1)                 Dis (7/7) Hell            Geh (7/7) Hell
    Coc (7/7) Hell            Tar (7/7) Hell            Zot (5/5) Depths:5

Altars:
Ashenzari
Cheibriados
Dithmenos
Elyvilon
Fedhas
Gozag
Hepliaklqana
Kikubaaqudgha
Makhleb
Nemelex Xobeh
Okawaru
Qazlal
Ru
Sif Muna
Trog
Uskayaw
Vehumet
Wu Jian
Xom
Yredelemnul
Zin
The Shining One
Beogh
Jiyva

Shops:
D:10 %*   D:15 [   Orc:1 ?   Orc:2 ***:[?:?(   Elf:2 (   Vaults:1 }=(
Vaults:3 [   Depths:2 *[==}[[*   Depths:4 :   Depths:5 ?*

Portals:
Hell: Depths:1 Depths:2 Depths:3 Depths:4 Depths:5
Abyss: Depths:4
Pandemonium: Depths:3
Ziggurat: Depths:4

Annotations:
D:3 1 runed door
D:8 Maurice
D:10 1 runed door


Innate Abilities, Weirdness & Mutations

You have large cloven feet.
You are partially covered in rugged brown scales. (AC +1, +3% HP)
You are partially covered in yellow scales. (AC +2)
Scrolls take you longer to read.
You are clumsy. (Dex -2)
Your flesh is cold resistant. (rC+)
You are very dopey. (Int -4)
Your magical capacity is very low. (-20% MP)
You are covered in fur. (AC +1)
You do not regenerate when monsters are visible.
Your spells are a little easier to cast, but a little less powerful.


Message History

You slice the alligator zombie!! You burn the alligator zombie!
You hit the Hell Sentinel. You slash the iron dragon!
The iron dragon is lightly wounded.
You hit the Hell Sentinel but do no damage.
You slash the alligator zombie! You burn the alligator zombie.
You block the Hell Sentinel's attack. x2
The alligator zombie bites you but does no damage.
The alligator zombie tail-slaps you.
* * * LOW HITPOINT WARNING * * *
The iron dragon bites you but does no damage.
You block the iron dragon's attack.
The iron dragon tramples you but does no damage.
You completely miss the iron dragon.
The iron dragon is lightly wounded.
You hit the Hell Sentinel. You slash the alligator zombie!
You burn the alligator zombie. The Hell Sentinel gestures at you.
The iron shot hits you!
You die...

#.........###....
##.........##.....
#..........##..### .
#######.......##..#..
..#.....#......###..#..
'.....#......##...#..
.D45#......##...##'
#####1##.....###......
##....@)......##.......
#....ZD†......##.......
..............###.......
..............##........
..............##........
.............###........
.............##.........
##...........##.........
#......######..........


You could see a Hell Sentinel, an iron dragon, a quicksilver dragon, a rust
devil, an iron imp and an alligator zombie.

Vanquished Creatures
  Antaeus (Coc:7)
  Asmodeus (Geh:7)
  the Royal Jelly (Slime:5)
  Ereshkigal (Tar:7)
  the Serpent of Hell (Dis:7)
  Khufu (Crypt:3)
  Mara (Spider:3)
  7 orbs of fire
  6 ancient liches
  Mennas (Depths:2)
  Boris (Vaults:3)
  6 shard shrikes
  Frederick (Vaults:2)
  Saint Roka (Depths:4)
  the Lernaean hydra (Swamp:4)
  Margery (Depths:4)
  4 Killer Klowns
  A curse toe (Zot:3)
  4 caustic shrikes
  Geryon (Hell)
  8 golden dragons
  Nikola (Spider:3)
  14 bone dragons
  A profane servitor (Crypt:3)
  Jory (Depths:4)
  5 liches
  7 doom hounds
  13 Brimstone Fiends
  4 electric golems
  Rupert (Lair:5)
  22 tentacled monstrosities
  9 iron giants
  32 Tzitzimimeh
  A Hell Sentinel (Dis:7)
  25 Orb Guardians (Zot:5)
  10 Ice Fiends
  Jorgrun (Vaults:4)
  13 titans
  Asterion (Spider:3)
  9 quicksilver dragons
  3 deep elf master archers
  12 acid blobs
  9 deep elf blademasters
  6 sphinxes
  Agnes (Spider:1)
  11 death cobs
  15 ancient champions
  Frances (D:13)
  2 tentacled starspawn
  Kirke (Spider:2)
  A thorn hunter (Swamp:4)
  6 tengu reavers
  3 daevas (Depths:2)
  16 shadow dragons
  2 revenants
  12 storm dragons
  11 azure jellies
  Donald (Spider:4)
  6 draconian monks
  8 iron dragons
  22 fire giants
  A draconian knight (Zot:4)
  10 deep elf sorcerers
  7 emperor scorpions
  4 cacodemons
  30 frost giants
  8 ghost moths
  11 balrugs
  8 deep elf elementalists
  3 draconian stormcallers
  18 vault wardens
  3 angels (Depths:2)
  The ghost of uwu the Severer, a journeyman MiBe of Trog (Spider:4)
  10 very ugly things
  6 draconian scorchers
  An orc warlord (Vaults:4)
  2 curse skulls
  6 draconian shifters
  25 war gargoyles
  16 ironheart preservers
  6 ghouls
  51 reapers
  2 elemental wellsprings
  2 spriggan defenders (Depths:5)
  2 draconian annihilators
  30 stone giants
  A caustic shrike skeleton (Depths:3)
  5 entropy weavers
  6 green draconians
  18 black draconians
  4 deep elf demonologists
  4 deep elf annihilators
  6 vampire knights
  4 lorocyprocas
  9 red draconians
  10 yellow draconians
  A dire elephant (Lair:6)
  3 spark wasps
  13 purple draconians
  16 white draconians
  4 eidola
  18 blizzard demons
  7 deep elf death magi
  6 death oozes
  A merfolk impaler (Depths:4)
  9 ettins
  6 deep elf high priests
  A minotaur (Lab)
  14 jiangshi
  2 mummy priests (Crypt:3)
  7 fire dragons
  3 quicksilver dragon zombies
  7 great orbs of eyes
  Erolcha (D:13)
  Harold (D:11)
  4 kraken zombies
  24 yaktaur captains
  14 ogre magi
  34 vault guards
  The ghost of Daze the Fighter, a journeyman DsFi of Okawaru (D:10)
  5 quicksilver dragon skeletons
  31 ice dragons
  4 spriggan air magi
  13 centaur warriors
  A hell beast (Hell)
  5 rakshasas
  3 ghost crabs (Tar:7)
  22 hydras
  A catoblepas (Lair:6)
  6 death knights
  The ghost of contendunt the Basher, a novice MiFi of Okawaru (D:9)
  6 alligators
  43 two-headed ogres
  36 hell hogs
  19 dancing weapons
  6 tengu warriors
  11 deep troll earth magi
  2 shock serpents (Zot:4)
  7 deep troll shamans
  A queen ant (Spider:4)
  5 orc high priests
  11 titan zombies
  Sonja (D:11)
  4 thrashing horrors
  4 spriggan berserkers
  10 iron golems
  5 titan skeletons
  A fire crab (shapeshifter) (Vaults:3)
  14 soul eaters
  2 wretched stars
  25 deep elf knights
  15 sun demons
  19 iron trolls
  129 skeletal warriors
  6 storm dragon zombies
  21 hell knights
  19 shadow wraiths
  A sea snake (shapeshifter) (Depths:5)
  4 sixfirhies
  A quicksilver dragon simulacrum (Coc:7)
  6 cherubim (Depths:2)
  2 storm dragon skeletons
  5 ghost moth zombies
  A spark wasp zombie (Crypt:1)
  31 deep trolls
  9 unseen horrors
  A sea snake (Spider:1)
  An unseen horror (shapeshifter) (Vaults:5)
  A deep troll (shapeshifter) (Vaults:5)
  16 flayed ghosts
  A spriggan druid (Swamp:4)
  16 anaconda zombies
  2 golden dragon zombies
  12 swamp dragons
  13 phantasmal warriors
  2 shambling mangroves
  11 shadow demons
  10 wizards
  16 deep elf archers
  12 starcursed masses (Abyss:2)
  2 anaconda skeletons
  7 harpies
  4 glowing orange brains
  A lindwurm (Lair:6)
  A tengu zombie (Vaults:4)
  5 shadow dragon zombies
  22 ironbrand convokers
  12 necromancers
  A golden dragon skeleton (Coc:7)
  A sphinx zombie (Vaults:2)
  3 shadow dragon skeletons
  20 orc knights
  7 iron dragon zombies
  5 wolf spider zombies
  A spectral alligator (Crypt:3)
  21 ugly things
  17 orb spiders
  A cyclops (shapeshifter) (Depths:2)
  8 orc sorcerers
  2 shining eyes (Slime:2)
  7 fire giant zombies
  3 manticores
  A salamander (Depths:3)
  2 tengu skeletons
  3 stone giant zombies
  A salamander (shapeshifter) (D:12)
  2 cyclopes
  A sphinx skeleton (Vaults:2)
  80 deep elf magi
  7 fire giant skeletons
  25 wolf spiders
  27 moths of wrath
  A worldbinder (Abyss:1)
  2 shock serpent zombies
  11 frost giant zombies
  3 iron dragon skeletons
  12 vault sentinels
  A black mamba (shapeshifter) (Depths:2)
  13 elephants
  3 ice statues
  60 rust devils
  10 molten gargoyles
  5 frost giant skeletons
  6 dire elephant zombies
  6 stone giant skeletons
  5 black mambas
  7 centaur zombies
  2 naga magi (Vaults:2)
  An apocalypse crab (Abyss:1)
  Psyche (D:11)
  An eye of devastation (shapeshifter) (Vaults:5)
  2 eyes of devastation (Slime:5)
  A guardian serpent (shapeshifter) (Depths:3)
  22 hellions
  A red draconian zombie (Crypt:2)
  2 orange demons (Hell)
  2 gargoyles
  A human zombie (Vaults:4)
  4 smoke demons
  5 torpor snails
  A komodo dragon (shapeshifter) (Vaults:2)
  16 spiny frogs
  3 rime drakes (Lair:6)
  48 freezing wraiths
  A golden dragon simulacrum (IceCv)
  47 ice devils
  A catoblepas zombie (Geh:1)
  3 dire elephant skeletons
  3 kobold demonologists (D:14)
  18 demonic crawlers
  34 yaktaurs
  31 tormentors
  A yaktaur (shapeshifter) (Depths:5)
  A yaktaur zombie (Vaults:4)
  A yaktaur skeleton (Vaults:4)
  2 komodo dragons
  5 anaconda simulacra
  4 efreet
  A hellwing (Depths:3)
  13 hydra zombies
  A white draconian skeleton (Crypt:2)
  4 ancient zymes (Abyss:2)
  A catoblepas skeleton (Tar:4)
  7 tengu conjurers
  8 human skeletons
  3 silent spectres
  24 red devils
  6 trolls
  5 tyrant leeches
  5 harpy zombies
  3 queen bees (shapeshifter)
  7 guardian mummies (Crypt:3)
  2 meliai (shapeshifter)
  A polar bear (shapeshifter) (Depths:1)
  A wolf spider simulacrum (IceCv)
  38 jumping spiders
  23 hornets
  A wind drake (shapeshifter) (Vaults:3)
  2 harpy skeletons (Geh:7)
  4 hydra skeletons
  10 blink frogs
  10 ettin zombies
  16 bog bodies
  10 raiju
  37 slime creatures
  5 fire dragon zombies
  9 hippogriffs
  A dream sheep (Lair:6)
  2 frost giant simulacra
  6 air elementals
  3 black mamba zombies
  4 ice dragon zombies
  4 alligator zombies
  2 alligator skeletons
  2 stone giant simulacra
  A shock serpent simulacrum (Crypt:1)
  A redback (shapeshifter) (Vaults:5)
  131 flying skulls
  37 tarantellas
  74 redbacks
  22 shadows
  10 spriggans
  21 water elementals
  32 wraiths
  A fire dragon skeleton (Coc:6)
  2 ynoxinuls
  2 ice dragon skeletons
  A yak (shapeshifter) (Vaults:1)
  58 yaks
  A human (shapeshifter) (Depths:4)
  A vampire (Abyss:2)
  6 dire elephant simulacra
  A black mamba skeleton (Geh:3)
  5 hogs (Spider:3)
  An elf skeleton (Depths:3)
  23 fire elementals
  A golden eye (shapeshifter) (Abyss:2)
  4 basilisks
  2 hogs (shapeshifter)
  2 neqoxecs
  A yaktaur simulacrum (Vaults:4)
  A human (D:14)
  A death yak simulacrum (IceCv)
  5 hungry ghosts
  21 vampire mosquitoes
  A steam dragon (D:10)
  2 harpy simulacra (IceCv)
  11 insubstantial wisps
  A merfolk zombie (Dis:7)
  14 wargs
  2 iron troll simulacra (IceCv)
  A warg (shapeshifter) (Depths:1)
  A spatial vortex (Dis:6)
  A soldier ant (shapeshifter) (Depths:2)
  27 soldier ants
  7 hydra simulacra
  5 spiny frog zombies
  28 swamp worms
  13 water moccasins
  2 floating eyes
  47 hell hounds
  A gelid demonspawn skeleton (Crypt:1)
  A deep troll skeleton (Vaults:2)
  An acid dragon (Vaults:2)
  A faun skeleton (Crypt:2)
  8 large abominations
  9 porcupines
  4 ice beasts
  An infernal demonspawn skeleton (Geh:4)
  53 orc warriors
  2 swamp dragon zombies (Coc:7)
  2 spiny frog skeletons
  An alligator simulacrum (Coc:1)
  5 sky beasts
  16 swamp drakes
  A sky beast (shapeshifter) (Vaults:1)
  8 small abominations
  An ettin simulacrum (IceCv)
  2 black bears (D:8)
  5 eyes of draining
  21 necrophages
  33 ogres
  8 snapping turtle zombies
  9 boggarts
  A dream sheep skeleton (Crypt:1)
  2 elf zombies
  6 phantoms
  2 snapping turtle skeletons
  2 swamp dragon skeletons
  6 wolves (Lair:6)
  A manticore skeleton (Geh:7)
  6 centaurs
  A hog zombie (Crypt:1)
  2 orc skeletons (Vaults:2)
  16 crocodiles
  2 big kobolds (D:14)
  A hippogriff zombie (Crypt:2)
  14 bullfrogs
  A wyvern zombie (Crypt:2)
  2 deep troll simulacra
  3 earth elementals
  A spiny frog simulacrum (Coc:7)
  A scorpion (D:8)
  A spriggan zombie (Crypt:1)
  A troll zombie (Crypt:1)
  2 human simulacra
  4 killer bees (D:7)
  A swamp dragon simulacrum (Coc:1)
  A spriggan skeleton (Lab)
  70 wights
  A troll skeleton (Lab)
  3 howler monkeys (D:9)
  3 electric eels
  11 crimson imps
  A bullfrog zombie (D:5)
  2 quasits (Abyss:1)
  A draconian simulacrum (IceCv)
  8 hounds
  3 jellies
  35 orc wizards
  33 orc priests
  7 centaur skeletons
  3 bullfrog skeletons
  57 iron imps
  A gnoll shaman (Orc:1)
  2 iguanas
  Terence (D:2)
  27 worker ants
  4 hell rats (Hell)
  8 troll simulacra (IceCv)
  5 lightning spires (Zot:4)
  A wolf simulacrum (IceCv)
  A porcupine skeleton (Crypt:1)
  An ogre zombie (Coc:7)
  A naga zombie (Dis:7)
  A centaur simulacrum (IceCv)
  A hound zombie (D:8)
  9 mummies
  A worker ant zombie (D:6)
  A howler monkey skeleton (D:8)
  7 adders
  6 gnolls
  3 naga simulacra (IceCv)
  2 ogre simulacra (IceCv)
  18 shadow imps
  9 white imps
  10 ufetubi
  An adder zombie (D:5)
  5 oozes
  13 worms
  2 dart slugs
  5 leopard geckos
  115 orcs
  2 ball pythons (D:2)
  7 giant cockroaches
  10 goblins
  8 hobgoblins
  7 jackals
  5 kobolds
  3 quokkas
  8 bats
  5 frilled lizards
  A frilled lizard skeleton (Crypt:1)
  A gnoll skeleton (Crypt:2)
  A jackal skeleton (D:5)
  A jackal zombie (D:8)
  A quokka skeleton (Crypt:2)
  3 quokka zombies
  10 rats
  2 crawling corpses (Crypt:3)
  A fire vortex (Geh:1)
  3 fungi
  4 plants
  4 tentacles
4066 creatures vanquished.

Vanquished Creatures (collateral kills)
  An iron dragon (Dis:6)
  2 deep elf elementalists (Elf:3)
  3 reapers (Hell)
  A deep elf demonologist (Elf:3)
  2 deep elf annihilators
  A deep elf death mage (Elf:3)
  2 deep elf high priests (Elf:3)
  7 dancing weapons (Elf:2)
  2 sun demons (Hell)
  A small abomination (Elf:3)
  4 deep elf knights (Elf:2)
  A golden dragon skeleton (Coc:7)
  A deep elf archer (Elf:2)
  6 deep elf magi (Elf:2)
  An iron dragon zombie (Geh:1)
  A rust devil (Dis:6)
  An efreet (Geh:4)
  4 red devils
  An air elemental (Elf:3)
  A fire elemental (Hell)
  2 hell hounds (Geh:4)
  3 wights
  A hell rat (Hell)
  2 crawling corpses (Elf:3)
51 creatures vanquished.

Vanquished Creatures (others)
  3 deep elf master archers
  2 eldritch tentacles
  A draconian shifter (Zot:4)
  A war gargoyle (Vaults:5)
  An elemental wellspring (Coc:7)
  2 stone giants
  2 blizzard demons
  A centaur warrior (Vaults:2)
  A dancing weapon (Elf:3)
  A shock serpent (Zot:4)
  A hell hog (Hell)
  8 deep elf archers
  A necromancer (Vaults:4)
  A wolf spider (Spider:3)
  A deep elf mage (Elf:1)
  A cyclops (D:15)
  A hellion (Geh:7)
  A demonic crawler (Hell)
  15 yaktaurs
  A harpy skeleton (Dis:5)
  2 raiju (Zot:4)
  A shadow (Geh:3)
  A wraith (Geh:4)
  2 humans (Spider:3)
  A water moccasin (shapeshifter) (Vaults:5)
  An orc warrior (Vaults:3)
  A necrophage (Tar:6)
  4 ogres
  3 centaurs (D:14)
  An earth elemental (Elf:3)
  2 wights
  An orc priest (Orc:2)
  An iron imp (Dis:7)
  2 hell rats (Hell)
  5 ball lightnings (Zot:4)
  3 orcs
  10 fungi
  16 plants
  2 starspawn tentacles (Abyss:1)
  10 tentacles
115 creatures vanquished.

Grand Total: 4232 creatures vanquished

Notes
Turn   | Place    | Note
-------+----------+-------------------------------------------
     0 | D:1      | snha the Hill Orc Fighter began the quest for the Orb.
     0 | D:1      | Reached XP level 1. HP: 19/19 MP: 1/1
    34 | D:1      | Reached XP level 2. HP: 26/26 MP: 2/2
   326 | D:1      | Reached XP level 3. HP: 31/31 MP: 3/3
   576 | D:2      | Reached skill level 5 in Axes
   656 | D:2      | Noticed a centaur
   968 | D:2      | Noticed Terence
   975 | D:2      | Killed Terence
   975 | D:2      | Reached XP level 4. HP: 39/39 MP: 4/4
  1258 | D:2      | Found a white marble altar of Elyvilon.
  1821 | D:3      | Reached XP level 5. HP: 29/45 MP: 5/5
  2450 | D:3      | Noticed a sky beast
  2864 | D:3      | Found a runed door.
  2893 | D:3      | Killed a sky beast
  2893 | D:3      | Reached XP level 6. HP: 44/51 MP: 6/6
  3851 | D:4      | Reached XP level 7. HP: 47/57 MP: 7/7
  4010 | D:4      | Reached skill level 10 in Axes
  4336 | D:5      | Entered Level 5 of the Dungeon
  5070 | D:5      | Found a glowing golden altar of the Shining One.
  5187 | D:5      | Found a stormy altar of Qazlal.
  5187 | D:5      | Found a shattered altar of Ashenzari.
  5730 | D:6      | Reached XP level 8. HP: 63/64 MP: 8/8
  7063 | D:7      | HP: 4/96 [orc wizard/dagger (1)]
  7068 | D:7      | HP: 3/96 [poisoned by a killer bee]
  7443 | D:7      | Reached XP level 9. HP: 50/70 MP: 9/9
  7504 | D:7      | Found a staircase to the Ecumenical Temple.
  7593 | Temple   | Entered the Ecumenical Temple
  7599 | Temple   | Became a worshipper of Warmaster Okawaru
  8156 | D:7      | Found a burning altar of Makhleb.
  8266 | D:8      | Reached skill level 15 in Axes
  8502 | D:8      | Reached * piety under Okawaru
  9051 | D:8      | Noticed Maurice
  9301 | D:9      | Reached skill level 1 in Invocations
  9635 | D:9      | Reached skill level 1 in Evocations
  9963 | D:9      | Reached XP level 10. HP: 56/80 MP: 11/11
 10064 | D:9      | Found an opulent altar of Gozag.
 10099 | D:9      | Noticed contendunt's ghost (novice MiFi)
 10112 | D:9      | Killed contendunt's ghost
 10115 | D:9      | Found a hide-covered altar of Uskayaw.
 10115 | D:9      | Noticed a two-headed ogre
 10124 | D:9      | Killed a two-headed ogre
 10124 | D:9      | Reached ** piety under Okawaru
 10141 | D:9      | Reached skill level 5 in Fighting
 10154 | D:9      | Found a glowing silver altar of Zin.
 10169 | D:9      | Found a shimmering altar of Xom.
 10510 | D:9      | Found a hazy altar of Hepliaklqana.
 10691 | D:10     | Entered Level 10 of the Dungeon
 10961 | D:10     | Found Vatusku's Assorted Antiques.
 10966 | D:10     | Bought a potion of might for 104 gold pieces
 10966 | D:10     | Bought a scroll labeled DUXOEVUCKA for 26 gold pieces
 10966 | D:10     | Bought a worn gold wand for 104 gold pieces
 10966 | D:10     | Bought a pair of gloves for 117 gold pieces
 10990 | D:10     | Found Raeqiaku's Food Boutique.
 11016 | D:10     | Noticed a two-headed ogre
 11026 | D:9      | Killed a two-headed ogre
 11026 | D:9      | Reached *** piety under Okawaru
 11026 | D:9      | Reached skill level 5 in Armour
 11026 | D:9      | Reached skill level 5 in Shields
 11322 | D:10     | Killed an unseen horror
 11369 | D:10     | Reached skill level 5 in Invocations
 11369 | D:10     | Reached XP level 11. HP: 84/89 MP: 14/14
 11411 | D:10     | Reached **** piety under Okawaru
 11655 | D:10     | Found a staircase to the Lair.
 12177 | D:10     | Noticed a brown ugly thing
 12205 | D:10     | Killed a brown ugly thing
 12318 | D:10     | Noticed a deep troll
 12320 | D:10     | Noticed a deep elf mage
 12328 | D:10     | Killed a deep troll
 12331 | D:10     | Killed a deep elf mage
 12356 | D:10     | Identified the Incunabulum of Bewitchment
 12397 | D:10     | Noticed Daze's ghost (journeyman DsFi)
 12426 | D:10     | Killed Daze's ghost
 12426 | D:10     | Reached skill level 5 in Evocations
 12468 | Lair:1   | Entered Level 1 of the Lair of Beasts
 12509 | Lair:1   | Reached ***** piety under Okawaru
 13088 | Lair:1   | Noticed a five-headed hydra
 13124 | Lair:2   | Noticed a five-headed hydra
 13218 | Lair:2   | Found a labyrinth entrance.
 13221 | Lab      | Entered a labyrinth
 13704 | Lab      | Noticed a minotaur
 13721 | Lab      | Killed a minotaur
 13724 | Lab      | Got a silken robe
 14065 | Lair:1   | Reached XP level 12. HP: 34/101 MP: 17/17
 14890 | Lair:2   | Received a gift from Okawaru
 15119 | Lair:2   | Found a staircase to the Swamp.
 15495 | Lair:2   | Killed a five-headed hydra
 15670 | Lair:3   | Found a hole to the Spider Nest.
 16772 | Lair:4   | Noticed a six-headed hydra
 16888 | Lair:4   | Killed a six-headed hydra
 17122 | Lair:4   | Reached skill level 10 in Fighting
 17486 | Lair:4   | Reached XP level 13. HP: 113/113 MP: 18/18
 18172 | Lair:5   | Found a runed door.
 18173 | Lair:5   | Found a viscous altar of Jiyva.
 18174 | Lair:5   | Found a staircase to the Slime Pits.
 18183 | Lair:5   | Noticed Rupert
 18207 | Lair:5   | Killed Rupert
 18207 | Lair:5   | Received a gift from Okawaru
 18409 | Lair:5   | Reached skill level 10 in Armour
 18411 | Lair:5   | Reached skill level 10 in Shields
 18861 | Lair:6   | Entered Level 6 of the Lair of Beasts
 19103 | Lair:6   | Received a gift from Okawaru
 19301 | Lair:6   | Noticed a dire elephant
 20050 | Lair:6   | Reached ****** piety under Okawaru
 20136 | Lair:6   | Reached XP level 14. HP: 99/125 MP: 21/21
 20279 | Lair:6   | Killed a dire elephant
 20281 | Lair:6   | Received a gift from Okawaru
 21271 | D:10     | Found a runed door.
 21271 | D:10     | Found a runed door.
 21549 | D:11     | Reached skill level 10 in Evocations
 21741 | D:11     | Received a gift from Okawaru
 21994 | D:11     | Noticed Psyche
 22001 | D:11     | Killed Psyche
 22127 | D:11     | Noticed Sonja
 22285 | D:11     | Killed Sonja
 22289 | D:11     | Found a staircase to the Orcish Mines.
 22290 | D:11     | Noticed Harold
 22307 | D:11     | Killed Harold
 22535 | Orc:1    | Entered Level 1 of the Orcish Mines
 22807 | Orc:1    | Found Botukyops's Magic Scroll Shop.
 22892 | Orc:1    | Bought a scroll of brand weapon for 300 gold pieces
 23109 | Orc:1    | Received a gift from Okawaru
 23469 | Orc:1    | Found a roughly hewn altar of Beogh.
 23656 | Orc:2    | Entered Level 2 of the Orcish Mines
 23658 | Orc:2    | Found Lawagg's Magic Scroll Emporium.
 23713 | Orc:2    | Bought a scroll of acquirement for 780 gold pieces
 23713 | Orc:2    | Bought a scroll of identify for 30 gold pieces
 23713 | Orc:2    | Bought a scroll of vulnerability for 112 gold pieces
 23713 | Orc:2    | Bought a scroll of remove curse for 45 gold pieces
 23713 | Orc:2    | Bought a scroll of teleportation for 45 gold pieces
 23714 | Orc:2    | Found the +2 pair of boots of the Assassin {Detection Stab+ Stlth++}
 23774 | Orc:2    | Found Bade Vaw's Book Boutique.
 23780 | Orc:2    | Found Siuphyaz's Magic Scroll Shop.
 23788 | Orc:2    | Bought a scroll of summoning for 95 gold pieces
 23788 | Orc:2    | Bought a scroll of magic mapping for 35 gold pieces
 23788 | Orc:2    | Bought a scroll of fog for 20 gold pieces
 23788 | Orc:2    | Bought a scroll of remove curse for 30 gold pieces
 23788 | Orc:2    | Bought a scroll of identify for 20 gold pieces
 23788 | Orc:2    | Bought a scroll of identify for 20 gold pieces
 23788 | Orc:2    | Bought a scroll of fog for 20 gold pieces
 23788 | Orc:2    | Bought 2 scrolls of remove curse for 60 gold pieces
 23817 | Orc:2    | Found Begiczer's Weapon Boutique.
 23931 | Orc:2    | Found Dach's Antique Armour Shoppe.
 24252 | Orc:2    | Found Utiaquej's Assorted Antiques.
 24261 | Orc:2    | Bought a potion of haste for 300 gold pieces
 24333 | Orc:2    | Found a staircase to the Elven Halls.
 24484 | Orc:2    | Reached XP level 15. HP: 129/134 MP: 22/22
 24698 | Orc:2    | Found Datal's Book Boutique.
 24704 | Orc:2    | Found Zeonkea's General Store.
 24706 | Orc:2    | Found Qura's Assorted Antiques.
 24712 | Orc:2    | Bought a scroll of blinking for 82 gold pieces
 25398 | D:13     | Noticed Erolcha
 25401 | D:13     | Received a gift from Okawaru
 25407 | D:13     | Killed Erolcha
 25466 | D:13     | Noticed Frances
 25478 | D:13     | Killed Frances
 26285 | D:14     | Found a gate to the Vaults.
 26544 | D:14     | Received a gift from Okawaru
 27168 | D:15     | Entered Level 15 of the Dungeon
 27313 | D:15     | Found a staircase to the Depths.
 27542 | D:15     | Found Tocasiup's Antique Armour Shop.
 27554 | D:15     | Bought an embroidered scarf for 296 gold pieces
 27622 | D:15     | Reached XP level 16. HP: 104/146 MP: 23/23
 28163 | Swamp:1  | Entered Level 1 of the Swamp
 28794 | Swamp:1  | Reached skill level 15 in Shields
 28844 | Swamp:1  | Received a gift from Okawaru
 29826 | Swamp:2  | Found a frozen archway.
 29847 | IceCv    | Entered an ice cave
 30305 | IceCv    | Reached skill level 15 in Fighting
 30319 | IceCv    | Got a pair of dazzling boots
 30335 | IceCv    | Identified the cursed +0 pair of boots "Oqoajo" {Dex+5} (You found it in an ice cave)
 30738 | Swamp:2  | Got a translucent cloak
 30749 | Swamp:2  | Identified the cursed +0 cloak "Ysihuuro" {Dex+5} (You found it on level 2 of the Swamp)
 31468 | Swamp:3  | Received a gift from Okawaru
 32061 | Swamp:4  | Entered Level 4 of the Swamp
 32185 | Swamp:4  | Reached XP level 17. HP: 147/156 MP: 25/25
 32377 | Swamp:4  | Noticed the 27-headed Lernaean hydra
 32392 | Swamp:4  | Killed the 22-headed Lernaean hydra
 32392 | Swamp:4  | Received a gift from Okawaru
 32813 | Swamp:4  | Got a decaying rune of Zot
 33398 | Spider:1 | Entered Level 1 of the Spider Nest
 34243 | Spider:1 | Reached skill level 15 in Armour
 34328 | Spider:1 | Noticed Agnes
 34345 | Spider:1 | Killed Agnes
 35620 | Spider:2 | Reached XP level 18. HP: 168/168 MP: 27/27
 35849 | Spider:3 | Noticed Mara
 35920 | Spider:3 | Received a gift from Okawaru
 35941 | Spider:3 | Noticed Nikola
 35959 | Spider:3 | Killed Nikola
 35976 | Spider:3 | Noticed snha's illusion
 36140 | Spider:3 | Noticed Kirke
 36161 | Spider:2 | Killed Kirke
 36397 | Spider:3 | Noticed snha's illusion
 36739 | Spider:3 | Noticed Asterion
 36750 | Spider:3 | Gained mutation: You are occasionally teleported next to monsters. [a cacodemon]
 36758 | Spider:3 | Gained mutation: You are dopey. (Int -2) [a cacodemon]
 36769 | Spider:3 | Killed Asterion
 36832 | Spider:2 | Lost mutation: You are dopey. (Int -2) [potion of mutation]
 36832 | Spider:2 | Gained mutation: You are frail. (-10% HP) [potion of mutation]
 36832 | Spider:2 | Gained mutation: You expend magic power (3 MP) to strengthen your wands. [potion of mutation]
 36832 | Spider:2 | Gained mutation: You have sharp fingernails. [potion of mutation]
 36832 | Spider:2 | Gained mutation: Your mind is acute. (Int +2) [potion of mutation]
 37027 | Orc:1    | Lost mutation: You are occasionally teleported next to monsters. [potion of mutation]
 37027 | Orc:1    | Lost mutation: Your mind is acute. (Int +2) [potion of mutation]
 37027 | Orc:1    | Lost mutation: You are frail. (-10% HP) [potion of mutation]
 37027 | Orc:1    | Lost mutation: You have sharp fingernails. [potion of mutation]
 37027 | Orc:1    | Gained mutation: You are agile. (Dex +2) [potion of mutation]
 37027 | Orc:1    | Gained mutation: You are covered in fur. (AC +1) [potion of mutation]
 37027 | Orc:1    | Lost mutation: You expend magic power (3 MP) to strengthen your wands. [potion of mutation]
 37027 | Orc:1    | Gained mutation: You are robust. (+10% HP) [potion of mutation]
 37396 | Spider:4 | Entered Level 4 of the Spider Nest
 37443 | Spider:3 | Noticed snha's illusion
 37460 | Spider:3 | Killed Mara
 37651 | Spider:3 | Received a gift from Okawaru
 37689 | Spider:4 | Noticed uwu's ghost (journeyman MiBe)
 38341 | Spider:4 | Noticed Donald
 38412 | Spider:4 | Killed Donald
 39005 | Spider:4 | Reached XP level 19. HP: 191/194 MP: 29/29
 39047 | Spider:4 | Received a gift from Okawaru
 39072 | Spider:4 | Killed uwu's ghost
 40063 | Spider:4 | Got a gossamer rune of Zot
 40401 | Vaults:1 | Entered Level 1 of the Vaults
 40601 | Vaults:1 | Received a gift from Okawaru
 40646 | Vaults:1 | Found Qewkiebb's Jewellery Shoppe.
 40660 | Vaults:1 | Found Goremuan's Gadget Shop.
 40681 | Vaults:1 | Bought the ring "Kekas" {rCorr rElec Int+4} for 466 gold pieces
 41270 | Vaults:1 | Found Emaonk's Weapon Emporium.
 41996 | Vaults:2 | Found a staircase to the Crypt.
 42118 | Vaults:2 | Noticed Frederick
 42408 | Vaults:2 | Reached XP level 20. HP: 207/207 MP: 30/30
 42460 | Vaults:2 | Received a gift from Okawaru
 42481 | Vaults:2 | Killed Frederick
 42876 | Vaults:2 | Found a radiant altar of Vehumet.
 42876 | Vaults:2 | Noticed a lich
 42882 | Vaults:2 | Killed a lich
 42888 | Vaults:2 | Got a polished hat
 42899 | Vaults:2 | Identified the cursed +0 hat of the Planets {Str+4 Stlth+} (You found it on level 2 of the Vaults)
 42964 | Vaults:2 | Got a steaming hat
 42975 | Vaults:2 | Identified the +0 hat of the Maze {*Corrode Str+2 Int+3} (You found it on level 2 of the Vaults)
 43374 | Vaults:2 | Got a faintly humming helmet
 43385 | Vaults:2 | Identified the cursed +0 helmet of the Sturgeon {Str+4 Slay+2} (You found it on level 2 of the Vaults)
 43602 | Vaults:2 | Received a gift from Okawaru
 43945 | Vaults:3 | Reached skill level 15 in Evocations
 44192 | Vaults:3 | Received a gift from Okawaru
 44568 | Vaults:3 | Noticed Boris
 44583 | Vaults:3 | Killed Boris
 44890 | Vaults:3 | Paralysed by an ogre mage for 2 turns
 45204 | Vaults:3 | Found Icucvezani's Antique Armour Shop.
 45212 | Vaults:3 | Received a gift from Okawaru
 45228 | Vaults:3 | Bought a pair of glowing gloves for 292 gold pieces
 45858 | Vaults:4 | Reached XP level 21. HP: 202/218 MP: 32/32
 45950 | Vaults:4 | Noticed Jorgrun
 45962 | Vaults:4 | Killed Jorgrun
 46938 | Vaults:4 | Received a gift from Okawaru
 47512 | Vaults:4 | Got a faintly humming plate armour
 47523 | Vaults:4 | Identified the +2 plate armour of Inaction {rC+ Dex+3} (You found it on level 4 of the Vaults)
 47779 | Vaults:4 | Got a brightly glowing granite ring
 47884 | Vaults:4 | Identified the ring "Pyczaotz" {rCorr Stlth+} (You found it on level 4 of the Vaults)
 47894 | Vaults:5 | Entered Level 5 of the Vaults
 47914 | Vaults:5 | Noticed a golden dragon
 47927 | Vaults:5 | Killed a golden dragon
 47929 | Vaults:5 | HP: 9/222 [shadow dragon/bolt of negative energy (41)]
 47948 | Vaults:5 | Reached XP level 22. HP: 67/232 MP: 34/34
 47953 | Vaults:5 | Received a gift from Okawaru
 48032 | Vaults:5 | Got a pair of slimy boots {god gift}
 48043 | Vaults:5 | Identified the +0 pair of boots "Jaokacwu" {MR+ Int+3 Dex+2} (Okawaru gifted it to you on level 5 of the Vaults)
 48590 | Vaults:5 | Paralysed by a great orb of eyes for 3 turns
 49650 | Vaults:5 | Got an ancient silver ring
 49652 | Vaults:5 | Identified the ring "Monkigge" {MR+ MP+9} (You found it on level 5 of the Vaults)
 49657 | Vaults:5 | Noticed an ancient lich
 49667 | Vaults:5 | Killed an ancient lich
 49667 | Vaults:5 | Received a gift from Okawaru
 49668 | Vaults:5 | Got a twisted hat {god gift}
 49680 | Vaults:5 | Identified the +1 hat "Teaniymy" {+Inv rC+ MR-} (Okawaru gifted it to you on level 5 of the Vaults)
 49728 | Vaults:5 | Got a translucent hand crossbow
 49729 | Vaults:5 | Identified the +6 hand crossbow "Edusuy" {flame, rF+ MR+ Str-2} (You found it on level 5 of the Vaults)
 49841 | Vaults:5 | Found the +0 mask of the Dragon {MR+ Slay+3 SInv}
 50135 | Vaults:5 | Noticed a golden dragon
 50141 | Vaults:5 | Reached XP level 23. HP: 172/242 MP: 35/35
 50147 | Vaults:5 | Killed a golden dragon
 50929 | Vaults:5 | Got a scorched lead amulet
 50931 | Vaults:5 | Got a silver rune of Zot
 50932 | Vaults:5 | Identified the amulet "Siserumi" {+Rage rElec} (You found it on level 5 of the Vaults)
 51154 | Depths:1 | Entered Level 1 of the Depths
 51172 | Depths:1 | Found a flickering gateway to a bazaar.
 51187 | Bazaar   | Entered a bazaar
 51196 | Bazaar   | Found Kotzemi's Antique Weapon Emporium.
 51209 | Bazaar   | Found Jeymueni's Antique Weapon Shoppe.
 51224 | Bazaar   | Found Cesothyj's Antique Armour Shoppe.
 51235 | Bazaar   | Found Ohiemmuah's Antique Armour Emporium.
 51405 | Depths:1 | Received a gift from Okawaru
 53044 | Depths:1 | Found a gateway to Hell.
 53390 | Depths:2 | Found Ruwnelepru's Antique Armour Shop.
 53391 | Depths:2 | Found Legec's Armour Shop.
 53453 | Depths:2 | Received a gift from Okawaru
 53607 | Depths:2 | Noticed a caustic shrike
 53622 | Depths:2 | Killed a caustic shrike
 53738 | Depths:2 | Reached XP level 24. HP: 186/254 MP: 36/36
 53870 | Depths:2 | Found Cemel's Assorted Antiques.
 53887 | Depths:2 | Bought a crooked gold wand for 176 gold pieces
 53887 | Depths:2 | Bought an emerald-encrusted plate armour for 1232 gold pieces
 53887 | Depths:2 | Identified the +2 plate armour "Azeabifo" {Slay+2} (You bought it in a shop on level 2 of the Depths)
 53912 | Depths:2 | Found Yriunudd's Armour Shop.
 53939 | Depths:2 | Found Ikoj's Gadget Emporium.
 53939 | Depths:2 | Found Iromoes's Jewellery Shop.
 53940 | Depths:2 | Found Nesofoar's Jewellery Shop.
 54292 | Depths:2 | Found a glowing silver altar of Zin.
 54292 | Depths:2 | Noticed Mennas
 54340 | Depths:2 | Killed Mennas
 54340 | Depths:2 | Received a gift from Okawaru
 54357 | Depths:2 | Got a heavily runed plate armour {god gift}
 54368 | Depths:2 | Identified the +8 plate armour of the Nightingale {rC+ Regen+ Int+3 Dex-3} (Okawaru gifted it to you on level 2 of the Depths)
 54674 | Depths:2 | Got a transparent bone ring
 54675 | Depths:2 | Identified the ring "Limagea" {+Blink rF+ rC+ Str+6} (You found it on level 2 of the Depths)
 54835 | Depths:2 | Found Bihaoni's General Store.
 54846 | Depths:2 | Bought a scroll of enchant weapon for 180 gold pieces
 54846 | Depths:2 | Bought a scroll of teleportation for 72 gold pieces
 54846 | Depths:2 | Bought a scroll of blinking for 180 gold pieces
 55036 | Depths:3 | Paralysed by a floating eye for 3 turns
 55607 | Depths:3 | Found a one-way gate leading to the halls of Pandemonium.
 55743 | Depths:3 | Lost mutation: You are agile. (Dex +2) [a neqoxec]
 56196 | Depths:4 | Found a one-way gate to the infinite horrors of the Abyss.
 56246 | Depths:4 | Found Reazax's Book Shop.
 56428 | Depths:4 | Noticed Margery
 56884 | Depths:4 | Noticed Jory
 56893 | Depths:4 | Killed Jory
 57062 | Depths:4 | Killed Margery
 57062 | Depths:4 | Received a gift from Okawaru
 57243 | Depths:4 | Found a gateway to a ziggurat.
 57517 | Depths:4 | Paralysed by a floating eye for 4 turns
 57521 | Depths:4 | Noticed Saint Roka
 57725 | Depths:4 | Killed Saint Roka
 58016 | Depths:5 | Entered Level 5 of the Depths
 58050 | Depths:5 | Found Acuigieff's Assorted Antiques.
 58055 | Depths:5 | Found Qapluarr's Magic Scroll Boutique.
 58123 | Depths:5 | Reached XP level 25. HP: 252/264 MP: 36/36
 58375 | Depths:5 | Found a gate to the Realm of Zot.
 58412 | Depths:5 | Received a gift from Okawaru
 58535 | Zot:1    | Entered Level 1 of the Realm of Zot
 59604 | Zot:1    | Received a gift from Okawaru
 59619 | Zot:1    | Identified a +2 pair of boots of running (Okawaru gifted it to you on level 1 of the Realm of Zot)
 60023 | Zot:2    | Reached XP level 26. HP: 173/273 MP: 37/37
 60087 | Zot:2    | Noticed an orb of fire
 60092 | Zot:2    | HP: 9/273 [orb of fire/bolt of fire (12)]
 60093 | Zot:2    | HP: 1/273 [orb of fire/fireball (12)]
 60928 | Orc:1    | Bought a scroll of enchant armour for 112 gold pieces
 60928 | Orc:1    | Bought a scroll of enchant weapon for 112 gold pieces
 60928 | Orc:1    | Bought a scroll of teleportation for 45 gold pieces
 60928 | Orc:1    | Bought a scroll of teleportation for 45 gold pieces
 61275 | Zot:2    | Gained mutation: Armour fits poorly on your strangely shaped body. [an orb of fire]
 61290 | Zot:2    | Killed an orb of fire
 61291 | Zot:2    | Lost mutation: You are robust. (+10% HP) [potion of mutation]
 61291 | Zot:2    | Lost mutation: Armour fits poorly on your strangely shaped body. [potion of mutation]
 61291 | Zot:2    | Gained mutation: Your flesh is cold resistant. (rC+) [potion of mutation]
 61291 | Zot:2    | Gained mutation: You are partially covered in rugged brown scales. (AC +1, +3% HP) [potion of mutation]
 61409 | Zot:2    | Noticed a shard shrike
 61446 | Zot:2    | Killed a shard shrike
 61477 | Zot:2    | Noticed an orb of fire
 61490 | Zot:2    | Gained mutation: Your spells are a little easier to cast, but a little less powerful. [an orb of fire]
 61500 | Zot:2    | Killed an orb of fire
 62030 | Zot:2    | Received a gift from Okawaru
 62742 | Zot:3    | Reached skill level 1 in Dodging
 62829 | Zot:3    | Received a gift from Okawaru
 63225 | Zot:3    | Noticed an orb of fire
 63240 | Zot:3    | Killed an orb of fire
 63240 | Zot:3    | Received a gift from Okawaru
 63244 | Zot:3    | Reached skill level 5 in Dodging
 63276 | Zot:3    | Reached XP level 27. HP: 222/263 MP: 36/38
 64311 | Zot:4    | Reached skill level 10 in Dodging
 64402 | Zot:4    | Received a gift from Okawaru
 64710 | Zot:4    | Identified Nemogot's Collected Works on the Twisted Glacier
 65859 | Zot:5    | Entered Level 5 of the Realm of Zot
 66843 | Zot:5    | Noticed an ancient lich
 66918 | Zot:5    | Noticed an ancient lich
 66930 | Zot:5    | Killed an ancient lich
 66947 | Zot:5    | Noticed an ancient lich
 66963 | Zot:5    | Killed an ancient lich
 66966 | Zot:5    | Noticed an orb of fire
 66971 | Zot:5    | Gained mutation: Scrolls take you a little longer to read. [an orb of fire]
 66979 | Zot:5    | Killed an orb of fire
 67402 | Zot:5    | Noticed an ancient lich
 67411 | Zot:5    | Killed an ancient lich
 67431 | Zot:5    | Noticed an ancient lich
 67442 | Zot:5    | Killed an ancient lich
 67462 | Zot:5    | Received a gift from Okawaru
 67463 | Zot:5    | Got a jewelled cloak {god gift}
 67480 | Zot:5    | Identified the +0 cloak of the Distant Future {+Fly Dex+3} (Okawaru gifted it to you on level 5 of the Realm of Zot)
 67970 | Zot:5    | Noticed an orb of fire
 67970 | Zot:5    | Noticed an orb of fire
 67972 | Zot:5    | Gained mutation: You tend to lose your temper in combat. [an orb of fire]
 67979 | Zot:5    | Gained mutation: Your magical capacity is low. (-10% MP) [an orb of fire]
 67988 | Zot:5    | Gained mutation: You expend magic power (3 MP) to strengthen your wands. [an orb of fire]
 67989 | Zot:5    | Gained mutation: You do not regenerate when monsters are visible. [an orb of fire]
 67998 | Zot:5    | Gained mutation: You are dopey. (Int -2) [an orb of fire]
 68002 | Zot:5    | Noticed an orb of fire
 68002 | Zot:5    | Killed an orb of fire
 68005 | Zot:5    | Killed an orb of fire
 68006 | Zot:5    | Gained mutation: Your body sometimes deteriorates upon taking damage. [an orb of fire]
 68024 | Zot:5    | Killed an orb of fire
 68059 | Zot:5    | Lost mutation: You are dopey. (Int -2) [potion of mutation]
 68059 | Zot:5    | Lost mutation: You expend magic power (3 MP) to strengthen your wands. [potion of mutation]
 68059 | Zot:5    | Gained mutation: You are agile. (Dex +2) [potion of mutation]
 68060 | Zot:5    | Lost mutation: You do not regenerate when monsters are visible. [potion of mutation]
 68060 | Zot:5    | Lost mutation: Scrolls take you a little longer to read. [potion of mutation]
 68060 | Zot:5    | Lost mutation: You are agile. (Dex +2) [potion of mutation]
 68060 | Zot:5    | Gained mutation: You have a pair of small horns on your head. [potion of mutation]
 68061 | Zot:5    | Lost mutation: Your body sometimes deteriorates upon taking damage. [potion of mutation]
 68061 | Zot:5    | Lost mutation: You have a pair of small horns on your head. [potion of mutation]
 68061 | Zot:5    | Lost mutation: Your spells are a little easier to cast, but a little less powerful. [potion of mutation]
 68061 | Zot:5    | Lost mutation: Your magical capacity is low. (-10% MP) [potion of mutation]
 68061 | Zot:5    | Gained mutation: Your body sometimes deteriorates upon taking damage. [potion of mutation]
 68061 | Zot:5    | Gained mutation: Your magical capacity is low. (-10% MP) [potion of mutation]
 68061 | Zot:5    | Gained mutation: You are partially covered in yellow scales. (AC +2) [potion of mutation]
 68062 | Zot:5    | Lost mutation: You tend to lose your temper in combat. [potion of mutation]
 68062 | Zot:5    | Lost mutation: Your body sometimes deteriorates upon taking damage. [potion of mutation]
 68062 | Zot:5    | Gained mutation: Scrolls take you a little longer to read. [potion of mutation]
 68062 | Zot:5    | Gained mutation: You have large cloven feet. [potion of mutation]
 68752 | Zot:5    | Noticed an ancient lich
 68756 | Zot:5    | Killed an ancient lich
 68987 | Depths:5 | Found Eteczenyots's Distillery.
 69797 | Depths:4 | Voluntarily entered the Abyss.
 70079 | Abyss:1  | Received a gift from Okawaru
 70094 | Abyss:1  | Paralysed by you for 2 turns
 70134 | Abyss:2  | Found a corrupted altar of Lugonu.
 70559 | Depths:4 | Escaped the Abyss
 70967 | D:7      | Fell from the grace of Okawaru
 70967 | D:7      | Became a worshipper of Makhleb the Destroyer
 71219 | Crypt:1  | Entered Level 1 of the Crypt
 71594 | Crypt:1  | Reached * piety under Makhleb
 72317 | Crypt:2  | Reached ** piety under Makhleb
 72822 | Crypt:3  | Entered Level 3 of the Crypt
 72971 | Crypt:3  | Reached *** piety under Makhleb
 73043 | Crypt:3  | Found a basalt altar of Yredelemnul.
 73074 | Crypt:3  | Reached skill level 10 in Invocations
 73202 | Crypt:3  | Identified the Tome of Objectivity
 73236 | Crypt:3  | Reached **** piety under Makhleb
 73236 | Crypt:3  | Reached skill level 27 in Fighting
 73415 | Crypt:3  | Found a staircase to the Tomb.
 73415 | Crypt:3  | Noticed Khufu
 73439 | Crypt:3  | Killed Khufu
 73513 | Crypt:3  | Got a slimy marble ring
 73513 | Crypt:3  | Got a heavily runed turquoise ring
 73516 | Crypt:3  | Identified the ring "Cekly" {rN+ Str+4 Int+6 Dex+3} (You found it on level 3 of the Crypt)
 73518 | Crypt:3  | Identified the ring of the Eagle {rPois rN+ Int+5} (You found it on level 3 of the Crypt)
 74355 | Elf:1    | Entered Level 1 of the Elven Halls
 74371 | Elf:1    | Found a radiant altar of Vehumet.
 74606 | Elf:1    | Reached ***** piety under Makhleb
 74888 | Elf:1    | Got an encrusted broad axe
 74889 | Elf:1    | Identified the +9 broad axe "Uhuntir" {venom, rElec MR+ Int-2 Dex+4} (You found it on level 1 of the Elven Halls)
 75075 | Elf:1    | Reached skill level 15 in Invocations
 75615 | Elf:2    | Found a runed gate.
 75615 | Elf:2    | Found a runed gate.
 75615 | Elf:2    | Found a runed gate.
 76199 | Elf:2    | Found Buicir's Weapon Emporium.
 76414 | Elf:3    | Entered Level 3 of the Elven Halls
 77267 | Elf:3    | Found the +8 frozen axe "Frostbite" {freezing cloud, *Noise +Fly rC+}
 77335 | Elf:3    | Got a slimy hunting sling
 77336 | Elf:3    | Identified the +8 hunting sling of Calculation {speed, Int+3} (You found it on level 3 of the Elven Halls)
 77803 | Slime:1  | Entered Level 1 of the Pits of Slime
 77872 | Slime:3  | Gained mutation: Your magical capacity is very low. (-20% MP) [a shining eye]
 77877 | Slime:2  | Gained mutation: You are dopey. (Int -2) [a shining eye]
 77878 | Slime:2  | Gained mutation: You are clumsy. (Dex -2) [a shining eye]
 77885 | Slime:2  | Gained mutation: Your spells are a little easier to cast, but a little less powerful. [a shining eye]
 78049 | Slime:5  | Entered Level 5 of the Pits of Slime
 78078 | Slime:5  | Found a viscous altar of Jiyva.
 78078 | Slime:5  | Noticed the Royal Jelly
 78094 | Slime:5  | Reached ****** piety under Makhleb
 78117 | Slime:5  | Killed the Royal Jelly
 78133 | Slime:5  | Identified the Volume of Flight
 78171 | Slime:5  | Identified the Papyrus of Creation and Hexes
 78207 | Slime:5  | Got a slimy rune of Zot
 78706 | Hell     | Entered the Vestibule of Hell
 78706 | Hell     | Noticed Geryon
 78723 | Hell     | Killed Geryon
 78923 | Hell     | Found a gateway to the ashen valley of Gehenna.
 78967 | Hell     | Found a gateway to the Iron City of Dis.
 79084 | Hell     | Found a gateway to the freezing wastes of Cocytus.
 79169 | Coc:1    | Entered Level 1 of Cocytus
 79172 | Coc:1    | Reached skill level 27 in Axes
 79231 | Coc:1    | Was forgiven by Okawaru
 79712 | Coc:7    | Entered Level 7 of Cocytus
 80809 | Coc:7    | Gained mutation: You do not regenerate when monsters are visible. [mutagenic glow]
 80832 | Coc:7    | Gained mutation: You are very dopey. (Int -4) [mutagenic glow]
 80850 | Coc:7    | Noticed Antaeus
 80931 | Coc:7    | Killed Antaeus
 81067 | Coc:7    | Reached skill level 27 in Armour
 81116 | Coc:7    | Got an icy rune of Zot
 81227 | Hell     | Found a gateway to the decaying netherworld of Tartarus.
 81290 | Tar:1    | Entered Level 1 of Tartarus
 82772 | Tar:7    | Entered Level 7 of Tartarus
 83846 | Tar:7    | Noticed Ereshkigal
 84456 | Tar:7    | Reached skill level 15 in Dodging
 85313 | Tar:7    | Killed Ereshkigal
 85415 | Tar:7    | Got a bone rune of Zot
 85775 | Geh:1    | Entered Level 1 of Gehenna
 86012 | Geh:1    | Reached skill level 1 in Maces & Flails
 86307 | Geh:3    | Reached skill level 5 in Maces & Flails
 86562 | Geh:7    | Entered Level 7 of Gehenna
 86853 | Geh:7    | Reached skill level 10 in Maces & Flails
 87263 | Geh:7    | Got a vibrating turquoise ring
 87266 | Geh:7    | Identified the ring "Tytufok" {rN+ Int+3} (You found it on level 7 of Gehenna)
 87403 | Geh:7    | Identified the Volume of the Traveller and Envenoming
 87442 | Geh:7    | Noticed Asmodeus
 87596 | Geh:7    | Killed Asmodeus
 87653 | Geh:7    | Got an obsidian rune of Zot
 87684 | Geh:7    | Got faintly humming pearl dragon scales
 87687 | Geh:7    | Identified the +1 pearl dragon scales "Imuakio" {+Inv rPois rF+ rN+ Str-3} (You found it on level 7 of Gehenna)
 87953 | Dis:1    | Entered Level 1 of the Iron City of Dis
 88229 | Dis:2    | Reached skill level 15 in Maces & Flails
 90096 | Dis:7    | Entered Level 7 of the Iron City of Dis
 91230 | Dis:7    | Gained mutation: Scrolls take you longer to read. [a cacodemon]
 91348 | Dis:7    | Found the ring of Phasing {EV+8}
 91457 | Dis:7    | Noticed the Serpent of Hell
 91483 | Dis:7    | Killed the Serpent of Hell
 91489 | Dis:7    | HP: 7/281 [Hell Sentinel/damnation (31)]
 91502 | Dis:7    | Killed from afar by a Hell Sentinel

Skill      XL: |  1  2  3  4  5  6  7  8  9 10 11 12 13 14 15 16 17 18 19 20 21 22 23 24 25 26 27 |
---------------+----------------------------------------------------------------------------------+-----
Axes           | 3 4 5 6 8 9 11 14 15 16 18 22 27 | 27.0
Invocations    | 2 5 7 18 | 18.0
Fighting       | 4 6 8 10 11 12 14 15 16 17 18 19 20 21 22 27 | 27.0
Evocations     | 1 3 5 7 9 10 11 12 13 14 15 16 17 18 19 21 23 | 23.0
Armour         | 4 5 7 9 10 11 13 14 15 16 17 18 19 20 21 27 | 27.0
Shields        | 4 5 7 9 10 12 14 15 16 17 18 19 20 21 22 26 | 26.0
Dodging        | 6 16 | 16.5
Maces & Flails | 22 | 22.8

Action                   |  1- 3 |  4- 6 |  7- 9 | 10-12 | 13-15 | 16-18 | 19-21 | 22-24 | 25-27 || total
-------------------------+-------+-------+-------+-------+-------+-------+-------+-------+-------++-------
Melee: War axe           |   104 |   184 |   455 |   599 |   604 |       |       |       |       ||  1946
       Morningstar       |       |       |       |     5 |    22 |       |       |       |       ||    27
       Broad axe         |       |       |       |       |   667 |  1168 |  1166 |  1243 |  4675 ||  8919
       Sacred scourge    |       |       |       |       |       |       |       |       |  1378 ||  1378
       Kick              |       |       |       |       |       |       |       |       |     2 ||     2
 Fire: Hunting sling     |       |    42 |    28 |       |       |       |       |       |       ||    70
Throw: Stone             |    37 |     7 |       |       |       |       |       |       |       ||    44
Invok: Heroism           |       |       |       |    10 |    18 |    10 |     9 |    11 |    18 ||    76
       Finesse           |       |       |       |     2 |     5 |     2 |     3 |     2 |     3 ||    17
       Greater Servant o |       |       |       |       |       |       |       |       |    13 ||    13
       Major Destruction |       |       |       |       |       |       |       |       |     1 ||     1
 Abil: Evoke Blink       |       |       |       |       |       |       |       |       |     7 ||     7
Evoke: Wand              |       |       |     6 |    20 |     7 |    36 |     3 |       |     3 ||    75
       Lamp of fire      |       |       |       |     2 |       |     1 |       |       |       ||     3
  Use: Potion            |       |       |    13 |     7 |     1 |     6 |     8 |     5 |    23 ||    63
       Scroll            |       |       |    11 |    10 |    18 |    10 |     5 |    14 |    36 ||   104
 Stab: Paralysed         |       |       |       |       |     4 |       |       |       |       ||     4
       Petrified         |       |       |       |       |     3 |       |       |       |       ||     3
       Distracted        |       |       |       |       |       |     2 |       |       |    10 ||    12
       Held in net/web   |       |       |       |       |       |     1 |     2 |       |       ||     3
       Confused          |       |       |       |       |       |       |       |     1 |     1 ||     2
  Eat: Chunk             |       |    10 |    16 |    10 |    31 |    20 |    23 |    16 |    43 ||   169
       Ration            |       |       |     1 |     4 |     1 |     5 |     2 |     5 |    20 ||    38
Armor: Scale mail        |    56 |    85 |    67 |       |       |       |       |       |       ||   208
       Plate armour      |       |       |    65 |   226 |   326 |   370 |   175 |   280 |    56 ||  1498
       Chain mail        |       |       |     9 |       |       |       |       |       |       ||     9
       Shadow dragon sca |       |       |       |       |       |       |       |     4 |       ||     4
       Fire dragon scale |       |       |       |       |       |       |       |       |    48 ||    48
       Gold dragon scale |       |       |       |       |       |       |       |       |  1157 ||  1157
Dodge: Dodged            |    28 |    43 |    81 |    76 |   145 |   151 |    72 |   133 |   807 ||  1536
       Deflected         |       |       |       |       |       |       |     9 |    26 |    58 ||    93
Block: Shield            |    53 |    85 |   178 |   308 |   626 |       |       |       |       ||  1250
       Large shield      |       |       |       |       |   424 |  1527 |  1229 |  1493 |  6458 || 11131
       Reflection        |       |       |       |       |    50 |    15 |   116 |   115 |   148 ||   444
